 Dungeon Crawl Stone Soup version 0.22-a0-369-gc73351f (webtiles) character file.

36 adolchristin the Chopper (level 3, 0/33 HPs)
             Began as a Minotaur Berserker on Apr 24, 2018.
             Was a Believer of Trog.
             Slain by LordUnchemael's ghost (6 damage)
             ... on level 3 of the Dungeon.
             The game lasted 00:01:15 (1323 turns).

adolchristin the Chopper (Minotaur Berserker)       Turns: 1323, Time: 00:01:15

Health: 0/33       AC:  2    Str: 21    XL:     3   Next: 19%
Magic:  2/2        EV: 12    Int:  4    God:    Trog [**....]
Gold:   111        SH:  0    Dex: 10    Spells: 2/2 levels left

rFire    . . .     SeeInvis .   a - +0 hand axe
rCold    . . .     Gourm    .   (no shield)
rNeg     . . .     Faith    .   b - +0 animal skin
rPois    .         Spirit   .   (helmet restricted)
rElec    .         Reflect  .   (no cloak)
rCorr    .         Harm     .   (no gloves)
MR       .....                  (no boots)
Stlth    +.........             (no amulet)
HPRegen  0.11/turn              (no ring)
MPRegen  0.08/turn              (no ring)

@: berserk cooldown, slowed, very slow
A: retaliatory headbutt, horns 2
a: Berserk, Trog's Hand, Renounce Religion


You were on level 3 of the Dungeon.
You worshipped Trog.
Trog was pleased with you.
You were very hungry.

You visited 1 branch of the dungeon, and saw 3 of its levels.

You collected 111 gold pieces.

Inventory:

Hand Weapons
 a - a +0 hand axe (weapon)
Armour
 b - a +0 animal skin (worn)
Jewellery
 g - an uncursed amulet of rage {unknown}
Scrolls
 d - 2 scrolls of fear {unknown}
 e - 3 scrolls of identify {unknown}
 f - a scroll of teleportation {unknown}
 h - 3 scrolls of remove curse {unknown}
 i - a scroll of random uselessness {unknown}
 j - a scroll of enchant armour {unknown}
 l - a scroll of magic mapping {unknown}
 m - a scroll of enchant weapon {unknown}
Comestibles
 c - 3 rations
 k - 2 chunks of flesh


   Skills:
 + Level 4.1 Fighting
 * Level 4.5 Axes
 + Level 3.0 Armour
 - Level 2.1 Dodging


You had 2 spell levels left.
You didn't know any spells.

Dungeon Overview and Level Annotations

Branches:
Dungeon (3/15)

Altars:

Annotations:
D:3 LordUnchemael's ghost, amateur MiMo


Innate Abilities, Weirdness & Mutations

You reflexively headbutt those who attack you in melee.
You have a pair of horns on your head.


Message History

* * * LOW HITPOINT WARNING * * *
You miss LordUnchemael's ghost.
Your headbutt misses LordUnchemael's ghost.
LordUnchemael's ghost is heavily damaged.
You closely miss LordUnchemael's ghost.
LordUnchemael's ghost is heavily damaged.
LordUnchemael's ghost barely misses you.
You completely miss LordUnchemael's ghost.
Your headbutt misses LordUnchemael's ghost.
LordUnchemael's ghost is heavily damaged.
LordUnchemael's ghost hits you.
* * * LOW HITPOINT WARNING * * *
LordUnchemael's ghost freezes you.
* * * LOW HITPOINT WARNING * * *
You completely miss LordUnchemael's ghost.
LordUnchemael's ghost is heavily damaged.
You are no longer berserk.
You are exhausted.
You feel yourself slow down. LordUnchemael's ghost hits you.
You die...

#.............#
.............# ....
............# ....
#..........# .....
#####........(.# .....
#.....(........#
......#..............#
......#....####.....####
.....KW@...+............
....(b#....####.........
#+#.# #$..?# ##........
# ###### #..##....
##.##.... #..#..).
##.#.... #......
####.....


You could see LordUnchemael's ghost, a bat and a kobold.

Vanquished Creatures
  An ooze (D:1)
  3 orcs (D:3)
  4 bats
  4 hobgoblins
  2 jackals (D:1)
  A quokka (D:2)
  4 goblins
  6 kobolds
  4 rats
29 creatures vanquished.

Notes
Turn   | Place    | Note
-------+----------+-------------------------------------------
     0 | D:1      | adolchristin the Minotaur Berserker began the quest for the Orb.
     0 | D:1      | Reached XP level 1. HP: 19/19 MP: 0/0
   236 | D:1      | Reached XP level 2. HP: 27/27 MP: 1/1
  1205 | D:3      | Reached XP level 3. HP: 33/33 MP: 2/2
  1219 | D:3      | Reached ** piety under Trog
  1302 | D:3      | Noticed LordUnchemael's ghost (amateur MiMo)
  1323 | D:3      | Slain by LordUnchemael's ghost

Vault maps used:
D:1:      matt_arrival_grand_opening, minmay_misc_feat_square
D:3:      chequers_ecumenical_altar_island

Skill      XL: |  1  2 |
---------------+-------+-----
Axes           | 4 |  4.5
Fighting       | 4 |  4.1
Armour         | 3 |  3.0
Dodging        | |  2.1

Action                   || total
-------------------------++-------
Melee: Hand axe          ||    81
       Headbutt          ||    10
Invok: Berserk           ||     1
  Eat: Chunk             ||     1
Armor: Animal skin       ||    14
Dodge: Dodged            ||    46

Table legend:
 A = Spawn XP
 B = Non-spawn XP
 C = Spawn XP percentage of total XP
 D = Spawn monster count
 E = Non-spawn monster count
 F = Spawn count percentage of total count
 G = Total turns spent on level
                    A         B        C        D         E        F      G
               +---------+---------+-------+---------+---------+-------+---------
         Total |       0 |      52 |   0.0 |       0 |      29 |   0.0 |  1323
               +---------+---------+-------+---------+---------+-------+---------
           D:1 |       0 |      30 |   0.0 |       0 |      16 |   0.0 |   709
           D:2 |       0 |      10 |   0.0 |       0 |       8 |   0.0 |   480
           D:3 |       0 |      12 |   0.0 |       0 |       5 |   0.0 |   134
               +---------+---------+-------+---------+---------+-------+---------
